 Dungeon Crawl Stone Soup version 0.25-a0-1079-g858b6a6ff6 (webtiles) character file.

Game seed: 12525252880698220374, levelgen mode: deterministic

327 wullow the Stinger (level 6, -2/43 HPs)
             Began as a Demonspawn Venom Mage on May 15, 2020.
             Slain by Grinder (6 damage)
             ... on level 3 of the Dungeon.
             The game lasted 00:06:44 (3331 turns).

wullow the Stinger (Demonspawn Venom Mage)          Turns: 3331, Time: 00:06:44

Health: -2/43      AC:  9    Str:  9    XL:     6   Next: 24%
Magic:  0/10       EV:  9    Int: 18    God:
Gold:   124        SH:  0    Dex: 13    Spells: 4/10 levels left

rFire    . . .     SeeInvis .   d - +0 dagger
rCold    . . .     Gourm    .   (no shield)
rNeg     . . .     Faith    .   r - +3 scale mail
rPois    +         Spirit   .   (no helmet)
rElec    .         Reflect  .   (no cloak)
rCorr    .         Harm     .   (no gloves)
MR       .....                  (no boots)
Stlth    ++........             (no amulet)
HPRegen  0.14/turn              n - ring of wizardry
MPRegen  0.12/turn              p - ring of poison resistance

@: invisible
A: claws 1, nightstalker 1, powered by death 1, sturdy frame 1
a: no special abilities


You were on level 3 of the Dungeon.
You were not hungry.

You visited 1 branch of the dungeon, and saw 3 of its levels.

You collected 124 gold pieces.

Inventory:

Hand Weapons
 d - a +0 dagger (weapon)
Missiles
 e - 53 arrows
 k - 45 stones (quivered)
Armour
 a - a +0 robe
 g - a +0 leather armour
 r - a +3 scale mail (worn)
Jewellery
 n - a ring of wizardry (left claw)
 p - a ring of poison resistance (right claw)
Scrolls
 b - a scroll of random uselessness {unknown}
 f - a scroll of teleportation {unknown}
 h - a scroll of enchant armour {unknown}
 l - 2 scrolls of magic mapping {unknown}
 m - a scroll of identify {unknown}
 q - a scroll of enchant weapon {unknown}
 s - a scroll of blinking {unknown}
Potions
 i - 2 potions of invisibility
 j - a potion of curing {unknown}
 o - 2 potions of lignification {unknown}
Comestibles
 c - 5 rations


   Skills:
 + Level 1.3 Fighting
 - Level 1.7 Dodging
 + Level 2.3 Stealth
 + Level 2.8 Spellcasting
 * Level 2.1 Conjurations
 * Level 3.0 Transmutations
 * Level 2.3 Air Magic
 + Level 3.6 Poison Magic


You had 4 spell levels left.
You knew the following spells:

 Your Spells              Type           Power        Failure   Level  Hunger
a - Sting                 Tmut/Pois      ##..         7%          1    None
b - Poisonous Vapours     Pois/Air       ##....       12%         2    ##.....
c - Mephitic Cloud        Conj/Pois/Air  ##......     26%         3    ###....

Your spell library contained the following spells:

 Spells                   Type           Power        Failure   Level  Hunger
 Ignite Poison            Fire/Tmut/Pois ##......     30%         3    ###....
 Olgreb's Toxic Radiance  Pois           ###.....     47%         4    ####...


Dungeon Overview and Level Annotations

Branches:
Dungeon (3/15)

Altars:
Zin

Annotations:
D:3 Grinder


Innate Abilities, Weirdness & Mutations

You have sharp fingernails.
You are slightly more attuned to the shadows.
You regenerate a little health from kills.
Your movements are slightly less encumbered by armour. (ER -2)


Message History

Grinder is moderately wounded.
Grinder hits you but does no damage.
Your magical contamination has completely faded away.
Casting: Sting (safe; 7% risk of failure)
Confirm with . or Enter, or press ? or * to list all spells.
Aiming: Sting (safe; 7% risk of failure)
Press: ? - help, Shift-Dir - straight line, f/p - Grinder
Aim: Grinder (moderately wounded, poisoned)
The sting hits Grinder.
Grinder looks even sicker.
Grinder is moderately wounded.
Grinder hits you.
* * * LOW HITPOINT WARNING * * *
You writhe in agony.
* * * LOW HITPOINT WARNING * * *
It was a potion of invisibility.
You fade into invisibility!
Grinder hits you.
* * * LOW HITPOINT WARNING * * *
You writhe in agony.
You die...

...
##.
#.#
#
#.#
#.#
#†#
#.#
#5#
#@#
#†#
#.#
#.#
#.#
#.#
#.#
#.#
#.#


You could see Grinder (very poisoned).

Vanquished Creatures
  Sigmund (D:2)
  A bullfrog (D:3)
  Terence (D:2)
  3 adders (D:2)
  2 oozes
  A dart slug (D:1)
  4 leopard geckos
  5 giant cockroaches
  9 hobgoblins
  7 jackals
  7 kobolds
  6 bats
  3 frilled lizards (D:2)
  4 goblins
  4 rats
58 creatures vanquished.

Notes
Turn   | Place    | Note
-------+----------+-------------------------------------------
     0 | D:1      | wullow the Demonspawn Venom Mage began the quest for the
                  | Orb.
     0 | D:1      | Reached XP level 1. HP: 13/13 MP: 3/3
    18 | D:1      | Reached skill level 1 in Transmutations
   194 | D:1      | Gained mutation: Your movements are slightly less
                  | encumbered by armour. (ER -2) [demonic ancestry]
   194 | D:1      | Reached XP level 2. HP: 19/19 MP: 0/5
   198 | D:1      | Learned a level 2 spell: Poisonous Vapours
  1230 | D:1      | Gained mutation: You are slightly more attuned to the
                  | shadows. [demonic ancestry]
  1230 | D:1      | Reached XP level 3. HP: 24/24 MP: 0/6
  1235 | D:1      | Learned a level 3 spell: Mephitic Cloud
  1402 | D:2      | Reached skill level 1 in Air Magic
  1803 | D:2      | Reached XP level 4. HP: 30/30 MP: 2/7
  1917 | D:2      | Found a glowing silver altar of Zin.
  2262 | D:2      | Noticed Terence
  2270 | D:2      | Killed Terence
  2270 | D:2      | Reached skill level 1 in Conjurations
  2686 | D:2      | Noticed Sigmund
  2697 | D:2      | Killed Sigmund
  2697 | D:2      | Reached skill level 1 in Fighting
  2697 | D:2      | Gained mutation: You have sharp fingernails. [demonic
                  | ancestry]
  2697 | D:2      | Reached XP level 5. HP: 33/37 MP: 1/9
  3063 | D:3      | Gained mutation: You regenerate a little health from kills.
                  | [demonic ancestry]
  3063 | D:3      | Reached XP level 6. HP: 25/43 MP: 6/10
  3313 | D:3      | Noticed Grinder
  3325 | D:3      | Paralysed by Grinder for 4 turns
  3331 | D:3      | Slain by Grinder

Illustrated notes

Levels and vault maps discovered:
D:1:      dpeg_arrival_pond, layout_loops_ring
D:2:      minmay_door_path, layout_basic, lemuel_doored_altar, first_ration,
          uniq_terence, uniq_sigmund
D:3:      layout_basic, nicolae_overflow_crystal_walls, uniq_grinder

Skill      XL: |  1  2  3  4  5  6 |
---------------+-------------------+-----
Transmutations | 1 2 3 |  3.0
Air Magic      | 1 2 |  2.3
Conjurations   | 1 2 |  2.1
Fighting       | 1 |  1.3
Stealth        | 2 |  2.3
Dodging        | |  1.7
Spellcasting   | |  2.8
Poison Magic   | |  3.6

Action                   |  1- 3 |  4- 6 || total
-------------------------+-------+-------++-------
Melee: Dagger            |    88 |    50 ||   138
       Unarmed           |     1 |       ||     1
 Cast: Sting             |    53 |    41 ||    94
       Poisonous Vapours |       |     4 ||     4
  Use: Potion            |       |     1 ||     1
 Stab: Sleeping          |     3 |     2 ||     5
  Eat: Chunk             |     3 |     6 ||     9
Armor: Robe              |    16 |       ||    16
       Scale mail        |       |    27 ||    27
Dodge: Dodged            |    91 |    43 ||   134

Table legend:
 A = Non-vault XP
 B = Vault XP
 C = Vault XP percentage of total XP
 D = Non-vault monster count
 E = Vault monster count
 F = Vault count percentage of total count
                 A         B        C        D         E       F
            +---------+---------+-------+---------+---------+-------
      Total |     221 |     247 |  52.8 |      52 |       6 |  10.3
            +---------+---------+-------+---------+---------+-------
        D:1 |      48 |       0 |   0.0 |      24 |       0 |   0.0
        D:2 |      73 |     247 |  77.2 |      19 |       6 |  24.0
        D:3 |     100 |       0 |   0.0 |       9 |       0 |   0.0
            +---------+---------+-------+---------+---------+-------
